 Dungeon Crawl Stone Soup version 0.25-a0-598-gc9c9e4cfe1 (webtiles) character file.

Game seed: 5190532961355310552, levelgen mode: deterministic

232 ControlBlue the Magician (level 6, -4/43 HPs)
             Began as a Human Wizard on Mar 1, 2020.
             Slain by Grinder (6 damage)
             ... on level 4 of the Dungeon on Mar 15, 2020.
             The game lasted 01:31:37 (5601 turns).

ControlBlue the Magician (Human Wizard)             Turns: 5601, Time: 01:31:38

Health: -4/43      AC:  3    Str:  7    XL:     6   Next: 25%
Magic:  7/12       EV: 13    Int: 21    God:
Gold:   160        SH:  0    Dex: 11    Spells: 2/13 levels left

rFire    . . .     SeeInvis .   g - +1 dagger
rCold    . . .     Gourm    .   (no shield)
rNeg     . . .     Faith    .   h - +0 robe
rPois    .         Spirit   .   b - +0 hat
rElec    .         Reflect  .   (no cloak)
rCorr    .         Harm     .   w - +0 pair of gloves
MR       .....                  (no boots)
Stlth    ++........             (no amulet)
HPRegen  0.14/turn              (no ring)
MPRegen  0.13/turn              (no ring)

@: about to teleport
A: no striking features
a: no special abilities


You were on level 4 of the Dungeon.
You were hungry.

You visited 1 branch of the dungeon, and saw 4 of its levels.

You collected 160 gold pieces.

Inventory:

Hand Weapons
 e - a +2 whip of electrocution
 g - a +1 dagger (weapon)
 j - a +0 dagger
 k - a +0 short sword
 n - a cursed -3 hunting sling
 r - a +0 hunting sling
 z - a +0 shortbow
Missiles
 p - 92 stones
 t - 45 sling bullets
 v - 25 poisoned darts (quivered)
Armour
 a - a +0 robe
 b - a +0 hat (worn)
 f - a +0 kite shield
 h - a +0 robe (worn)
 w - a +0 pair of gloves (worn)
Jewellery
 s - an uncursed ring of flight {unknown}
 y - an uncursed ring of flight {unknown}
 A - a cursed ring of teleportation {unknown}
 B - an uncursed ring of fire {unknown}
 D - an uncursed ring of magical power {unknown}
Wands
 c - a wand of digging (5)
Scrolls
 i - a scroll of enchant armour {unknown}
 l - a scroll of amnesia {unknown}
 m - a scroll of noise {unknown}
 o - a scroll of remove curse {unknown}
 u - a scroll of teleportation
 x - 2 scrolls of enchant weapon
 C - a scroll of fog {unknown}
Comestibles
 d - 10 rations
 E - a chunk of flesh


   Skills:
 - Level 1.0 Fighting
 - Level 1.2 Short Blades
 * Level 2.9 Dodging
 * Level 3.0 Stealth
 + Level 4.2 Spellcasting
 * Level 2.7 Conjurations
 + Level 1.1 Summonings
 - Level 1.0 Translocations


You had 2 spell levels left.
You knew the following spells:

 Your Spells              Type           Power        Failure   Level  Hunger
a - Magic Dart            Conj           ###.         3%          1    None
b - Call Imp              Summ           #.......     11%         2    #......
c - Blink                 Tloc           N/A          12%         2    #......
d - Conjure Flame         Conj/Fire      ##......     21%         3    ###....
e - Mephitic Cloud        Conj/Pois/Air  #.......     24%         3    ###....

Your spell library contained the following spells:

 Spells                   Type           Power        Failure   Level  Hunger
 Slow                     Hex            #.......     19%         2    #......


Dungeon Overview and Level Annotations

Branches:
Dungeon (4/15)
 Temple: D:4-7

Altars:

Annotations:
D:2 1 runed translucent door, Crazy Yiuf, Sigmund, Terence
D:3 2 transporters, emiel's ghost, amateur MfIE
D:4 Grinder


Message History

Aiming: Magic Dart (safe; 3% risk of failure)
Press: ? - help, Shift-Dir - straight line, f/p - Grinder
Aim: Grinder (severely wounded)
The magic dart hits Grinder.
Grinder is severely wounded.
Grinder hits you but does no damage.
You hit Grinder.
Grinder is almost dead.
You feel less wooden.
Your +0 hat unmelds from your body.
Your +0 pair of gloves unmelds from your body.
Your +0 robe unmelds from your body.
Grinder hits you!
* * * LOW HITPOINT WARNING * * *
You writhe in agony.
* * * LOW HITPOINT WARNING * * *
As you read the scroll of teleportation, it crumbles to dust.
You feel strangely unstable. Grinder hits you.
* * * LOW HITPOINT WARNING * * *
You writhe in agony.
You die...

.....# ##.....>.###. #.###...#
##...>.....##. #.#.....#
#..........##.
#.#.#...###..#.......### #
##.....#......##.....## # #.#
##....###.##..##......####
####.###...####..#..###..5....((!
...#.##..#..#...5..####(.)....##(
#......##....##@....[........##.
#............##..######.....###.
##..##..####.......# ##...## #%
#..###.#####.###...# ##### ##
.............#..[..##
....##.#####...#.#..###
.#..#......#..##.#....###
.<..#......#.....#.##.†.##
.^.........##.......###..#


You could see Grinder.

Vanquished Creatures
  A bullfrog skeleton (D:4)
  3 worker ants
  A gnoll (D:4)
  7 adders
  2 dart slugs
  A leopard gecko (D:2)
  2 orcs
  A ball python (D:1)
  3 giant cockroaches
  5 goblins
  6 hobgoblins
  3 jackals (D:4)
  7 kobolds
  2 quokkas (D:2)
  10 bats
  5 frilled lizards
  8 rats
67 creatures vanquished.

Vanquished Creatures (collateral kills)
  3 orcs (D:4)
3 creatures vanquished.

Grand Total: 70 creatures vanquished

Notes
Turn   | Place    | Note
-------+----------+-------------------------------------------
     0 | D:1      | ControlBlue the Human Wizard began the quest for the Orb.
     0 | D:1      | Reached XP level 1. HP: 13/13 MP: 4/4
   508 | D:1      | Reached XP level 2. HP: 19/19 MP: 1/6
  1811 | D:1      | Reached XP level 3. HP: 7/24 MP: 5/7
  1920 | D:2      | Found a runed translucent door.
  1921 | D:2      | Noticed Crazy Yiuf
  1994 | D:2      | Noticed Sigmund
  2100 | D:2      | Upgraded the game from 0.25-a0-576-g50b708a4c4 to
                  | 0.25-a0-577-ga4619f409e
  2100 | D:2      | Upgraded the game from 0.25-a0-577-ga4619f409e to
                  | 0.25-a0-598-gc9c9e4cfe1
  2497 | D:2      | Reached XP level 4. HP: 30/30 MP: 4/9
  3088 | D:2      | Noticed Terence
  3333 | D:3      | Reached skill level 1 in Short Blades
  3333 | D:3      | Reached XP level 5. HP: 30/36 MP: 0/10
  3726 | D:3      | Found a transporter.
  3929 | D:3      | Noticed emiel's ghost (amateur MfIE)
  3945 | D:3      | Found a transporter.
  4222 | D:4      | Noticed a hippogriff
  4253 | D:3      | Learned a level 2 spell: Call Imp
  4256 | D:3      | Learned a level 2 spell: Blink
  4260 | D:3      | Learned a level 3 spell: Conjure Flame
  4264 | D:3      | Learned a level 3 spell: Mephitic Cloud
  4698 | D:4      | Reached skill level 4 in Spellcasting
  5063 | D:4      | Reached XP level 6. HP: 31/42 MP: 4/12
  5106 | D:4      | Reached skill level 1 in Fighting
  5353 | D:4      | Noticed Grinder
  5534 | D:4      | Paralysed by Grinder for 6 turns
  5566 | D:4      | Paralysed by Grinder for 6 turns
  5576 | D:4      | Paralysed by Grinder for 7 turns
  5601 | D:4      | HP: 2/43 [Grinder (2)]
  5601 | D:4      | Slain by Grinder

Levels and vault maps discovered:
D:1:      dpeg_arrival_circle_labyrinth_a, layout_basic,
          grunt_decor_mini_mirrors, chequers_serial_rivers_small_3
D:2:      layout_loops_ring, first_ration, uniq_terence, uniq_sigmund,
          uniq_crazy_yiuf_cottage
D:3:      layout_basic, gammafunk_ghost_arena, corner_web_ring
D:4:      layout_rooms, serial_shops, kennysheep_mini, shop, nicolae_shop_stone,
          uniq_grinder

Skill      XL: |  1  2  3  4  5  6 |
---------------+-------------------+-----
Conjurations   | 2 |  2.7
Short Blades   | 1 |  1.2
Spellcasting   | 4 |  4.2
Fighting       | 1 |  1.0
Stealth        | 3 |  3.0
Dodging        | |  2.9
Summonings     | |  1.1
Translocations | |  1.0

Action                   |  1- 3 |  4- 6 || total
-------------------------+-------+-------++-------
Melee: Dagger            |    31 |   108 ||   139
Throw: Stone             |       |     4 ||     4
 Cast: Magic Dart        |    65 |   114 ||   179
       Call Imp          |       |    18 ||    18
       Conjure Flame     |       |     2 ||     2
  Use: Potion            |       |     5 ||     5
       Scroll            |       |     6 ||     6
 Stab: Sleeping          |     2 |       ||     2
  Eat: Chunk             |     4 |    10 ||    14
Armor: Robe              |     9 |    33 ||    42
       Skin              |       |     8 ||     8
Dodge: Dodged            |    40 |   117 ||   157

Table legend:
 A = Non-vault XP
 B = Vault XP
 C = Vault XP percentage of total XP
 D = Non-vault monster count
 E = Vault monster count
 F = Vault count percentage of total count
                 A         B        C        D         E       F
            +---------+---------+-------+---------+---------+-------
      Total |     332 |       0 |   0.0 |      70 |       0 |   0.0
            +---------+---------+-------+---------+---------+-------
        D:1 |      33 |       0 |   0.0 |      20 |       0 |   0.0
        D:2 |      68 |       0 |   0.0 |      19 |       0 |   0.0
        D:3 |      71 |       0 |   0.0 |      15 |       0 |   0.0
        D:4 |     160 |       0 |   0.0 |      16 |       0 |   0.0
            +---------+---------+-------+---------+---------+-------
